 Dungeon Crawl Stone Soup version 0.21-a0-125-gb006224 (webtiles) character file.

38 Kurtz the Skirmisher (level 3, 0/26 HPs)
             Began as an Octopode Abyssal Knight on July 14, 2017.
             Was a Follower of Lugonu.
             Slain by a goblin (4 damage)
             ... on level 2 of the Dungeon.
             The game lasted 00:01:28 (1304 turns).

Kurtz the Skirmisher (Octopode Abyssal Knight)      Turns: 1304, Time: 00:01:28

Health: 0/26       AC:  1    Str: 12    XL:     3   Next: 43%
Magic:  4/4        EV: 13    Int: 14    God:    Lugonu [*.....]
Gold:   72         SH:  0    Dex: 11    Spells: 2/2 levels left

rFire    . . .     SeeInvis .   e - +2 quarterstaff (drain)
rCold    . . .     Gourm    +   (shield currently unavailable)
rNeg     . . .     Faith    .   (helmet restricted)
rPois    .         Spirit   .   o - amulet of the gourmand
rElec    .         Reflect  .   (no ring)
rCorr    .         Harm     .   (no ring)
MR       .....                  (no ring)
Stlth    +++.......             (no ring)
HPRegen  0.08/turn              (no ring)
MPRegen  0.09/turn              (no ring)
                                (no ring)
                                (no ring)

@: no status effects
A: almost no armour, stealthy swim, amphibious, 8 rings, constrict 8, camouflage
1, gelatinous body 1
a: Depart the Abyss, Renounce Religion


You were on level 2 of the Dungeon.
You worshipped Lugonu.
Lugonu was aware of your devotion.
You were not hungry.

You visited 1 branch of the dungeon, and saw 2 of its levels.
You visited the Abyss 1 time.

You collected 72 gold pieces.

Inventory:

Hand Weapons
 a - a +1 hand axe
 e - a +2 quarterstaff of draining (weapon)
Missiles
 d - 6 curare-tipped needles
Jewellery
 o - an amulet of the gourmand (around mantle)
Scrolls
 g - a scroll of teleportation {unknown}
 i - a scroll of identify {unknown}
 j - a scroll of fear {unknown}
 m - a scroll of magic mapping {unknown}
Potions
 c - a potion of lignification {unknown}
 h - a potion of cancellation {unknown}
 k - a potion of mutation {unknown}
 l - a potion of curing {unknown}
 n - a potion of resistance {unknown}
Comestibles
 b - a bread ration
 f - 2 royal jellies


   Skills:
 - Level 3.0 Fighting
 - Level 2.0 Axes
 * Level 2.0 Staves
 * Level 2.6 Dodging
 * Level 1.7 Stealth
 * Level 2.3 Invocations


You had 2 spell levels left.
You didn't know any spells.

Dungeon Overview and Level Annotations

Branches:
Dungeon (2/15)

Altars:


Innate Abilities, Weirdness & Mutations

You cannot wear most types of armour.
You are very stealthy in the water. (Stealth+)
You are amphibious.
You can wear up to eight rings at the same time.
You can use your tentacles to constrict eight enemies at once.
Your skin changes colour to match your surroundings (Stealth+).
Your rubbery body absorbs attacks. (AC +1, EV +1)


Message History

The jackal misses you. The jackal closely misses you.
You barely miss the jackal.
You squeeze the jackal, but do no damage.
You constrict the jackal. The jackal barely misses you. The jackal bites you.
* * * LOW HITPOINT WARNING * * *
The jackal closely misses you. The jackal barely misses you.
Unknown command.
You hit the jackal. You drain the jackal! Your grab misses the jackal.
The jackal is severely wounded.
You constrict the jackal. The jackal barely misses you. x2
The goblin hits you.
* * * LOW HITPOINT WARNING * * *
The jackal misses you. The jackal bites you.
* * * LOW HITPOINT WARNING * * *
The goblin barely misses you.
You sock the jackal!
You kill the jackal!
Lugonu accepts your kill.
You constrict the jackal. The jackal misses you. The goblin hits you.
You die...

######## ##### ### .......# #...#
#########... .......######...###
#........... .............(....##
#........... .......##########..#
#...........
###....##..........###../.....(#.
................g†...............
###.##.##.......@h#.#.##.###.#.#.
###+##+##.........#.g.#........#
........#.........##[.#....#.###
........#.........##..#....#.#
........#.........##..#....#.#
........#)........###.#....#.#
#...##............. ......S#.#
'...<#..##...###### ##..
#.......# ..# ..


You could see a jackal and a goblin.

Vanquished Creatures
  2 worms (D:2)
  A dart slug (D:1)
  A ball python (D:2)
  3 bats
  2 bat zombies (D:1)
  3 goblins
  5 hobgoblins
  3 jackals (D:2)
  2 kobolds
  A quokka (D:2)
  A frilled lizard (D:1)
  2 rats (D:1)
26 creatures vanquished.

Notes
Turn   | Place    | Note
-------+----------+-------------------------------------------
     0 | Abyss:1  | Kurtz the Octopode Abyssal Knight began the quest for the Orb.
     0 | Abyss:1  | Reached XP level 1. HP: 16/16 MP: 2/2
     5 | Abyss:2  | Found a corrupted altar of Lugonu.
    31 | Abyss:2  | Noticed a thrashing horror
    34 | Abyss:2  | Noticed a thrashing horror
    37 | D:1      | Escaped the Abyss
   105 | D:1      | Reached * piety under Lugonu
   211 | D:1      | Reached skill level 1 in Staves
   211 | D:1      | Reached skill level 1 in Stealth
   211 | D:1      | Reached XP level 2. HP: 21/21 MP: 3/3
   685 | D:2      | Reached XP level 3. HP: 20/26 MP: 4/4
  1304 | D:2      | Slain by a goblin

Vault maps used:
D:1:      saegor_arrival_fortress, hangedman_decor_growths, minivault_26
D:2:      lemuel_upstairs_altar, minmay_pentomino_s4

Skill      XL: |  1  2  3 |
---------------+----------+-----
Staves         | 1 2 |  2.0
Stealth        | 1 |  1.7
Fighting       | |  3.0
Axes           | |  2.0
Dodging        | |  2.6
Invocations    | |  2.3

Action                   || total
-------------------------++-------
Melee: Quarterstaff      ||    50
       Constrict         ||    18
       Tentacles         ||     9
Invok: Depart the Abyss  ||     1
 Stab: Sleeping          ||     2
  Eat: Chunk             ||     4
Armor: Skin              ||     5
Dodge: Dodged            ||    66
